Map: Odyssey LE

Players

Dessa - Winner!

  • Race: Zerg Zerg
  • League: Diamond
  • Spawn Location: 11:00

Fusion

  • Race: Protoss Protoss
  • League: Diamond
  • Spawn Location: 5:00

VOD

Have the link to the VOD?

Description

Time

  • Played on: Jan. 20, 2018, 3:02 p.m.
  • Length: 17:47
Show
View Real Time Build Order
Export as new Build Order

Dessa Zerg - Winner!

Build Orders: Pool First, Lurkers 

Get SALT Encoding   

  12  0:01  Drone  
  13  0:12  Overlord  
  13  0:17  Drone  
  14  0:30  Drone  
  14  0:31  Drone  
  14  0:34  Drone  
  17  0:40  Extractor  
  16  0:45  Drone  
  17  0:54  Spawning Pool  
  16  0:57  Drone  
  17  1:07  Drone  
  18  1:20  Drone  
  19  1:33  Hatchery  
  19  1:37  Overlord  
  18  1:49  Queen  
  20  1:54  Zergling x2  
  21  2:02  Metabolic Boost  
  21  2:06  Drone  
  22  2:09  Zergling x2  
  22  2:12  Drone  
  24  2:24  Drone  
  25  2:35  Drone  
  26  2:43  Drone  
  27  2:47  Queen  
  29  2:54  Drone  
  29  2:55  Drone  
  31  2:58  Drone, Roach Warren  
  31  2:59  Overlord  
  31  3:00  Extractor  
  31  3:03  Drone  
  30  3:23  Zergling x6  
  30  3:24  Zergling x4  
  33  3:49  Drone x2  
  33  3:50  Drone x2, Overlord  
  33  3:51  Queen  
  39  4:02  Drone x4  
  43  4:03  Overlord  
  43  4:11  Drone  
  44  4:17  Drone  
  45  4:26  Drone x2  
  45  4:30  Hatchery  
  47  4:38  Drone x4, Extractor  
  47  4:39  Overlord  
  47  4:40  Extractor  
  47  4:41  Drone x3  
  47  4:44  Lair  
  51  4:50  Roach  
  51  4:52  Roach  
  55  4:57  Evolution Chamber  
  55  4:58  Evolution Chamber  
  53  5:05  Overlord  
  53  5:20  Roach x2  
  53  5:21  Roach, Overlord  
  59  5:24  Zerg Ground Armor Level 1, Zerg Missile Weapons Level 1  
  59  5:26  Overlord  
  59  5:27  Pneumatized Carapace  
  59  5:31  Drone x3  
  59  5:32  Roach x2  
  66  5:43  Queen  
  66  5:45  Drone x2  
  66  5:47  Drone x2  
  72  5:50  Glial Reconstitution  
  72  5:52  Overlord  
  72  5:57  Drone x2  
  72  6:00  Roach x3  
  80  6:07  Overlord  
  79  6:12  Zergling x4  
  79  6:13  Zergling x2  
  82  6:25  Zergling x6  
  84  6:26  Zergling x6  
  84  6:29  Hydralisk Den  
  87  6:34  Zergling x4  
  87  6:36  Overlord  
  87  6:38  Zergling x2  
  87  6:39  Zergling x2, Roach  
  93  6:44  Roach x2  
  97  6:52  Drone  
  97  6:53  Overlord  
  97  6:54  Drone  
  97  6:55  Drone x2  
  97  6:57  Roach x2  
  97  6:58  Roach  
  106  7:22  Hatchery  
  105  7:29  Hydralisk x2  
  105  7:30  Hydralisk x5  
  105  7:32  Zergling x4  
  105  7:33  Zergling x2  
  118  8:09  Zergling x12  
  118  8:10  Zergling x6  
  104  8:33  Hydralisk x4  
  105  8:34  Zergling x6  
  108  8:47  Drone x2  
  110  8:48  Drone  
  110  8:49  Drone x3  
  110  8:53  Zerg Ground Armor Level 2, Zerg Missile Weapons Level 2  
  114  8:58  Lurker Den  
  114  9:01  Zergling x12  
  119  9:10  Drone  
  119  9:12  Drone  
  121  9:24  Extractor  
  121  9:26  Extractor  
  119  10:05  Spore Crawler  
  119  10:06  Drone, Spore Crawler  
  119  10:07  Drone x3  
  120  10:12  Extractor  
  120  10:13  Extractor, Overlord x3  
  119  10:21  Overlord  
  119  10:22  Overlord  
  119  10:33  Drone x2  
  119  10:34  Drone  
  123  10:35  Drone x2  
  123  10:36  Drone, Overlord x2  
  123  10:38  Overlord  
  125  10:43  Lurker x5  
  125  10:44  Lurker x6  
  125  10:45  Overlord x2  
  125  10:49  Overseer  
  136  10:50  Overseer  
  136  10:51  Overlord x2  
  136  10:57  Infestation Pit  
  94  11:19  Roach  
  94  11:20  Roach x13  
  122  11:30  Roach x2  
  126  11:34  Hydralisk  
  126  11:35  Hydralisk  
  130  11:43  Hive  
  130  11:48  Drone x3  
  130  11:49  Drone  
  134  11:54  Overlord  
  134  11:57  Roach x2, Hydralisk x2  
  142  12:03  Hydralisk  
  144  12:10  Drone  
  144  12:11  Spire  
  144  12:12  Drone  
  145  12:19  Hydralisk x2  
  145  12:20  Hydralisk x3  
  155  12:56  Zerg Ground Armor Level 3, Zerg Missile Weapons Level 3  
  155  12:58  Roach x8  
  171  13:27  Zerg Flyer Weapons Level 1  
  172  13:34  Lurker x3  
  172  13:35  Lurker x2  
  176  13:45  Drone x2  
  178  13:50  Hatchery  
  178  13:52  Extractor  
  176  14:22  Adaptive Talons  
  83  15:00  Roach x7  
  83  15:01  Roach x2  
  83  15:04  Viper x3  
  83  15:05  Viper x3  
  83  15:06  Viper x2  
  120  15:08  Hydralisk x2  
  127  15:15  Drone x2  
  127  15:17  Drone x3  
  132  15:23  Hydralisk x2  
  132  15:24  Hydralisk x3  
  142  15:49  Lurker x2  
  144  15:52  Lurker x3  
  144  15:56  Extractor  
  146  16:00  Hatchery  
  146  16:03  Extractor  
  123  16:33  Hydralisk  
  123  16:34  Hydralisk x7  
  123  16:35  Hydralisk x4  
  147  16:44  Overlord x2  
  147  16:45  Zergling x2  
  147  16:46  Zergling x44  
Show
View Real Time Build Order
Export as new Build Order

Fusion Protoss 

Build Orders: 1 Gate Expand 

Get SALT Encoding   

  12  0:00  Probe  
  13  0:12  Probe  
  14  0:18  Pylon  
  14  0:25  Probe  
  15  0:36  Gateway  
  15  0:39  Probe (Chrono Boost)  
  16  0:48  Probe (Chrono Boost)  
  16  0:49  Assimilator  
  17  0:53  Probe (Chrono Boost)  
  18  1:05  Probe (Chrono Boost)  
  19  1:15  Probe (Chrono Boost)  
  20  1:28  Cybernetics Core  
  20  1:37  Nexus  
  20  1:46  Gateway  
  20  1:53  Assimilator  
  20  1:58  Pylon  
  20  2:03  Adept (Chrono Boost)  
  22  2:09  Warp Gate  
  22  2:11  Probe  
  23  2:23  Probe  
  23  2:25  Adept  
  26  2:33  Adept  
  26  2:35  Probe  
  29  2:42  Pylon  
  29  2:47  Probe (Chrono Boost)  
  30  2:54  Probe (Chrono Boost)  
  31  2:59  Probe (Chrono Boost), Stalker  
  31  3:04  Probe x2 (Chrono Boost), Sentry  
  37  3:14  Probe  
  38  3:25  Probe  
  38  3:26  Probe  
  40  3:31  Robotics Facility  
  40  3:46  Stalker  
  40  3:48  Sentry  
  40  3:50  Shield Battery  
  40  3:51  Shield Battery, Probe  
  40  3:52  Probe  
  42  3:58  Shield Battery  
  42  4:01  Pylon  
  42  4:04  Probe x2  
  44  4:15  Pylon  
  44  4:16  Probe x2  
  46  4:17  Gateway  
  46  4:18  Observer (Chrono Boost)  
  47  4:28  Probe x2  
  49  4:36  Forge  
  49  4:38  Observer  
  49  4:40  Probe (Chrono Boost)  
  49  4:41  Probe (Chrono Boost)  
  52  4:46  Adept x2  
  58  4:52  Probe (Chrono Boost)  
  58  4:53  Probe (Chrono Boost)  
  58  4:54  Pylon  
  58  4:56  Robotics Bay  
  58  4:59  Assimilator  
  59  5:02  Assimilator  
  59  5:05  Protoss Ground Weapons Level 1 (Chrono Boost)  
  58  5:20  Immortal (Chrono Boost)  
  62  5:31  Gateway  
  62  5:36  Gateway  
  62  5:38  Gateway  
  62  5:40  Gateway  
  62  5:48  Adept x3  
  68  5:50  Probe x2  
  68  5:53  Observer, Immortal (Chrono Boost)  
  74  6:22  Stalker x2  
  78  6:29  Pylon  
  78  6:30  Pylon x2  
  78  6:47  Warp Prism (Chrono Boost)  
  78  6:52  Stalker x4  
  78  6:53  Stalker  
  90  6:57  Observer, Stalker x2  
  94  7:14  Twilight Council  
  94  7:36  Stalker x4  
  102  7:43  Pylon x2  
  102  7:45  Pylon  
  102  8:11  Stalker x4  
  108  8:13  Stalker x3  
  108  8:19  Charge  
  92  8:40  Nexus  
  78  8:42  Pylon  
  78  8:44  Zealot x6  
  78  8:45  Zealot  
  78  8:46  Extended Thermal Lance (Chrono Boost), Pylon  
  92  8:51  Colossus (Chrono Boost)  
  98  9:15  Zealot x5  
  98  9:16  Zealot x2  
  112  9:21  Probe x2  
  114  9:29  Protoss Ground Weapons Level 2 (Chrono Boost)  
  114  9:36  Zealot  
  114  9:37  Zealot  
  114  9:47  Colossus (Chrono Boost)  
  114  9:51  Probe  
  114  9:52  Probe, Stalker  
  124  9:56  Stalker  
  126  10:21  Zealot x2  
  126  10:22  Zealot x2  
  126  10:25  Sentry x3  
  140  10:30  Probe x2  
  140  10:31  Probe  
  140  10:33  Colossus (Chrono Boost)  
  140  10:35  Templar Archives  
  129  11:17  Observer  
  129  11:22  Immortal (Chrono Boost)  
  133  11:36  Robotics Facility x2  
  133  11:38  Psionic Storm, Assimilator  
  133  11:41  Protoss Ground Weapons Level 3 (Chrono Boost)  
  133  11:44  Assimilator  
  132  11:54  Immortal (Chrono Boost)  
  132  11:57  Photon Cannon  
  132  11:59  Photon Cannon  
  136  12:17  High Templar x2  
  136  12:18  High Templar x3  
  146  12:24  Zealot  
  146  12:25  Zealot  
  154  12:34  Immortal (Chrono Boost)  
  153  12:39  Nexus, Pylon  
  153  12:40  Immortal (Chrono Boost)  
  153  12:41  Pylon  
  157  12:50  Pylon  
  157  12:51  Pylon  
  157  12:55  Pylon  
  156  13:02  Observer (Chrono Boost)  
  156  13:03  Immortal (Chrono Boost)  
  164  13:15  Immortal (Chrono Boost)  
  164  13:19  Immortal  
  168  13:36  Pylon  
  168  13:39  Gateway  
  168  13:40  Gateway  
  168  13:41  Photon Cannon  
  168  13:42  Gateway  
  168  13:43  Photon Cannon  
  168  13:45  Immortal, Photon Cannon  
  168  13:46  Gateway  
  168  13:47  Photon Cannon  
  172  13:49  Photon Cannon  
  172  13:53  Assimilator  
  172  13:56  Assimilator  
  172  13:58  Warp Prism  
  172  14:01  Stargate  
  174  14:08  Adept  
  172  14:39  Observer  
  133  14:48  Archon  
  77  14:55  Zealot  
  77  14:56  Zealot x6  
  79  15:21  Zealot x4  
  81  15:22  Zealot x3  
  93  15:31  Fleet Beacon  
  93  15:34  Protoss Shields Level 1  
  93  15:37  Zealot x4  
  93  15:41  Probe  
  93  15:42  Probe  
  103  15:52  Probe x2  
  103  15:54  Probe x2  
  107  15:58  Nexus  
  107  16:01  Pylon  
  107  16:04  Pylon  
  89  16:19  Zealot  
  89  16:20  Zealot x10  
  89  16:22  Oracle (Chrono Boost)  
  89  16:23  Colossus  
  114  16:44  High Templar x10  
  134  16:47  Archon  
  134  16:48  Archon x3  
  134  16:49  Archon  
  134  16:51  Zealot  
  146  17:29  Zealot  
  118  17:30  Zealot x8  
  118  17:31  Zealot  
Tags
 
Composition
Lurkers
Matchup
PvZ
Replay Pack
2017S4
Spawn Locations
Cross Positions
Add a new tag
Caveats
  • Supply blocks, unpowered buildings, or Contaminate may cause inaccurate times.
  • Supply counts are checked every 10 seconds.